 Dungeon Crawl Stone Soup version 0.28-a0-46-g7b1be97da7 (webtiles) character file.

Game seed: 11328681751181987655

16 HAL9000 the Changer (level 2, -1/23 HPs)
             Began as a Draconian Transmuter on July 29, 2021.
             Slain by Sigmund (8 damage)
             ... on level 2 of the Dungeon.
             The game lasted 00:00:55 (1435 turns).

HAL9000 the Changer (Draconian Transmuter)          Turns: 1435, Time: 00:00:56

Health: -1/23      AC:  4    Str: 12    XL:     2   Next: 37%
Magic:  5/5        EV: 12    Int: 13    God:
Gold:   72         SH:  0    Dex: 11    Spells: 2/5 levels left

rFire   . . .      SeeInvis .     - Unarmed
rCold   . . .      Faith    .   (no shield)
rNeg    . . .      Spirit   .   (armour unavailable)
rPois   .          Reflect  .   (helmet restricted)
rElec   .          Harm     .   (no cloak)
rCorr   .          Rampage  .   (no gloves)
Will    .....                   (no boots)
Stlth   +.........              (no amulet)
HPRegen 0.07/turn               (no ring)
MPRegen 0.09/turn               (no ring)

@: confused, ambrosia-drunk, hasted, very quick
A: AC +4, unfitting armour, cold-blooded
a: no special abilities


You were on level 2 of the Dungeon.
You visited 1 branch of the dungeon, and saw 2 of its levels.

You collected 72 gold pieces.

Inventory:

Potions
 c - a potion of degeneration {unknown}


   Skills:
 - Level 1.1 Fighting
 - Level 1.7 Dodging
 - Level 3.0 Unarmed Combat
 - Level 2.0 Spellcasting
 + Level 3.1 Transmutations


You had 2 spell levels left.
You knew the following spells:

 Your Spells              Type           Power      Damage    Failure   Level
a - Beastly Appendage     Tmut           18%        N/A       7%          1
b - Wereblood             Tmut           9%         N/A       11%         2

Your spell library contained the following spells:

 Spells                   Type           Power      Damage    Failure   Level
 Spider Form              Tmut/Pois      2%         N/A       38%         3
 Ice Form                 Ice/Tmut       5%         N/A       80%         4


Dungeon Overview and Level Annotations

Branches:
Dungeon (2/15)

Altars:

Annotations:
D:2 Sigmund


Innate Abilities, Weirdness & Mutations

Your plain brown scales are hard. (AC +4)
You cannot fit into any form of body armour.
You are cold-blooded and may be slowed by cold attacks.


Message History

Found 8 gold pieces.
There is a stone staircase leading up here.
A kobold is nearby!
The kobold closely misses you.
Found a stone staircase leading down.
Casting: Beastly Appendage (safe; 7% risk of failure)
Confirm with . or Enter, or press ? or * to list all spells.
You grow a pair of large bovine horns.
Your feet morph into talons.
The kobold closely misses you. The kobold barely misses you.
You hit the kobold.
You kill the kobold!
No target in view!
No target in view!
A rat comes into view.
A rat is nearby!
Unknown command.
Things that are here:
a +0 short sword of speed; 4 stones; a kobold corpse You now have 72 gold pieces (gained 8).
There are no items here.
Okay, then.
No target in view!
Magic restored.
Your transformation is almost over.
Sigmund is nearby!
Sigmund shouts!
Sigmund is nearby!
Sigmund hits you from afar with a +0 scythe!
It was a potion of haste.
You feel yourself speed up. Sigmund gestures at you while chanting.
The puff of flame hits you!
Unknown command.
It was a potion of ambrosia.
You are confused.
You feel invigorated.
Sigmund hits you from afar with a +0 scythe!
* * * LOW HITPOINT WARNING * * *
Your horns disappear.
Your talons disappear.
Sigmund hits you with a +0 scythe!
You die...

......#####.#.######.####...#
#................#.....###..#
##................<......#
#..##.............÷.....#
##..............÷........#
#....#.................###
##.#####...r...............
#..# .......@..............
#..............@..........####
#........................#...
............#...........#####
...........##...#>#...###
......................##
...........##....###...###
...........##....
##....######## #....
#...........# #...#
###)........#


You could see Sigmund and a rat.

Vanquished Creatures
  2 bats (D:1)
  3 endoplasms (D:1)
  A giant cockroach (D:1)
  2 hobgoblins (D:2)
  2 jackals (D:1)
  A frilled lizard (D:2)
  A kobold (D:2)
  A rat (D:2)
13 creatures vanquished.

Notes
Turn   | Place    | Note
-------+----------+-------------------------------------------
     0 | D:1      | HAL9000 the Draconian Transmuter began the quest for the
                  | Orb.
     0 | D:1      | Reached XP level 1. HP: 16/16 MP: 3/3
   634 | D:1      | Reached XP level 2. HP: 22/23 MP: 3/5
   822 | D:1      | Found a faded altar of an unknown god.
  1056 | D:2      | Noticed Sigmund
  1317 | D:1      | Learned a level 2 spell: Wereblood
  1435 | D:2      | Slain by Sigmund

Illustrated notes

Levels and vault maps discovered:
D:1:      dpeg_arrival_arbitrary_c, layout_basic,
          shapermc_ecumenical_altar_mp_highgroup
D:2:      layout_rooms, basic_altar, serial_curves, eino_curves_04,
          eino_curves_03, uniq_sigmund, uniq_jessica

Skill      XL: |  1  2 |
---------------+-------+-----
Transmutations | 3 |  3.1
Fighting       | |  1.1
Dodging        | |  1.7
Unarmed Combat | |  3.0
Spellcasting   | |  2.0

Action                   || total
-------------------------++-------
Melee: Unarmed           ||    40
       Headbutt          ||     7
       Kick              ||     4
       Tailslap          ||     3
 Cast: Beastly Appendage ||     6
  Use: Potion            ||     2
Armor: Skin              ||    21
Dodge: Dodged            ||    32

Table legend: (Time is in decaauts)
 A = Elapsed time spent in this place.
 B = Non-inter-level travel time spent in this place.
 C = Inter-level travel time spent in this place.
 D = Time resting spent in this place.
 E = Time spent auto-exploring this place.
 F = Levels seen in this place.
 G = Mean time per level.
                   A        B        C        D        E       F      G
               +--------+--------+--------+--------+--------+-----+--------+
         Total |   1432 |   1331 |    101 |    489 |    729 |   2 |  716.0 |
       Dungeon |   1432 |   1331 |    101 |    489 |    729 |   2 |  716.0 |
               +--------+--------+--------+--------+--------+-----+--------+

Top non-repeatable levels by time:
     D:1: 1275 daAuts
     D:2: 157 daAuts
